 Dungeon Crawl Stone Soup version 0.30-b1-2-g02819fbbbe (webtiles) character file.

Game seed: 16908053822839452454

103 Fartwhistle the Changer (level 4, -2/28 HPs)
             Began as an Octopode Transmuter on May 25, 2023.
             Killed by divine providence
             ... invoked by an orc priest
              (15 damage)
             ... on level 3 of the Dungeon.
             The game lasted 00:04:54 (2171 turns).

Fartwhistle the Changer (Octopode Transmuter)       Turns: 2171, Time: 00:04:55

Health: -2/28      AC:  1    Str:  9    XL:     4   Next: 79%
Magic:  8/8        EV: 13    Int: 17    God:
Gold:   149        SH:  0    Dex: 12    Spells: 5/9 levels left

rFire   . . .        m - +2 sling (elec)
rCold   . . .        (no shield)
rNeg    . . .        (helmet restricted)
rPois   .            (no amulet)
rElec   .            k - ring of flight
rCorr   .            (no ring)
SInv    .            (no ring)
Will    .....        (no ring)
Stlth   ++           (no ring)
HPRegen 0.24/turn    (no ring)
MPRegen 0.11/turn    (no ring)
                     (no ring)

%: no passive effects
@: flying
A: almost no armour, amphibious, 8 rings, camouflage 1, gelatinous body 1,
(nimble swimmer 1), tentacles
a: no special abilities


You were on level 3 of the Dungeon.
You visited 1 branch of the dungeon, and saw 3 of its levels.

You collected 149 gold pieces.

Inventory:

Hand Weapons
 j - a +0 dagger of speed
 m - a +2 sling of electrocution (weapon)
Missiles
 b - 12 stones
Jewellery
 k - a ring of flight (left tentacle)
 l - a ring of ice
Scrolls
 c - a scroll of identify
 d - 2 scrolls of fog {unknown}
 f - a scroll of teleportation {unknown}
 h - a scroll of poison {unknown}
 i - a scroll of vulnerability {unknown}
 n - a scroll of silence {unknown}
Potions
 a - a potion of lignification
 e - a potion of curing
 g - a potion of cancellation


   Skills:
 - Level 1.0 Fighting
 - Level 2.0 Dodging
 - Level 3.0 Unarmed Combat
 + Level 3.0 Spellcasting
 * Level 4.1 Transmutations


You had 5 spell levels left.
You knew the following spells:

 Your Spells              Type           Power      Damage    Failure   Level
a - Beastly Appendage     Tmut           32%        N/A       3%          1
b - Spider Form           Tmut/Pois      9%         N/A       22%         3

Your spell library contained the following spells:

 Spells                   Type           Power      Damage    Failure   Level
 Wereblood                Tmut           16%        N/A       4%          2
 Hailstorm                Conj/Ice       2%         3d3       45%         3
 Portal Projectile        Hex/Tloc       4%         N/A       45%         3
 Tukima's Dance           Hex            2%         N/A       45%         3
 Ice Form                 Ice/Tmut       9%         N/A       58%         4
 Blade Hands              Tmut           8%         N/A       65%         5
 Simulacrum               Ice/Necr       1%         N/A       100%        6


Dungeon Overview and Level Annotations

Branches:
Dungeon (3/15)

Altars:


Innate Abilities, Weirdness & Mutations

You cannot wear most types of armour.
You are amphibious.
You can wear up to eight rings at the same time.
Your skin changes colour to match your surroundings (Stealth+).
Your rubbery body absorbs attacks. (AC +1, EV +1)
((You are camouflaged when in or above water. (Stealth+)))
You have tentacles for arms and can constrict up to eight enemies at once.


Message History

Confirm with . or Enter, or press ? or * to list all spells.
One of your tentacles grows a vicious spike.
You shoot a sling bullet. The sling bullet hits the hobgoblin.
Lightning courses through the hobgoblin!
You kill the hobgoblin!
Magic restored.
An orc comes into view. It is wielding a +0 morningstar.
You see here a hobgoblin corpse.
You shoot a sling bullet. The sling bullet hits the orc!
Lightning courses through the orc!!
You kill the orc!
Your transformation is almost over.
Your tentacle spike disappears.
n - a scroll labelled OGYTAU IDAT You shoot a sling bullet.
The sling bullet hits the orc but does no damage.
Lightning courses through the orc!
You kill the orc!
An orc comes into view. It is wielding a +0 hand axe.
You shoot a sling bullet.
The sling bullet hits the orc but does no damage.
The orc shouts!
An orc comes into view.
It is wielding a +0 trident of freezing.
An orc priest comes into view. It is wielding a +0 club.
You shoot a sling bullet.
The sling bullet completely misses the orc.
The orc shouts!
You hear a shout!
An orc comes into view. It is wielding a +0 club.
You shoot a sling bullet.
The sling bullet closely misses the orc.
You shoot a sling bullet. The sling bullet hits the orc.
The orc is moderately wounded.
The orc hits you with a +0 hand axe.
The orc hits you from afar with a +0 trident of freezing.
The orc freezes you. The orc hits you but does no damage.
The orc attacks as you move away! The orc hits you with a +0 hand axe.
The orc priest mumbles some strange prayers to Beogh against you.
Beogh smites you!
Ouch! That really hurt!
You die...

..............#
..............#
..............#
..............#
.#'####.......# .#.#
#.......# . .#.#
#.......# ... .#.#
####.###########.....
.#.#
#......@.o.o)o~~..
.#.#
###.###.#####o.~~.
##.# #.# #.# ~.. ...#
#.# #.# .
############.# #.#
...........###.#
##########...#.#
################.#
.................#


You could see an orc priest and 3 orcs.

Vanquished Creatures
  2 gnolls (D:3)
  2 adders (D:2)
  2 worms (D:2)
  A dart slug (D:1)
  2 orcs (D:3)
  7 endoplasms
  3 giant cockroaches (D:2)
  7 goblins
  5 hobgoblins
  4 jackals (D:2)
  A quokka (D:2)
  2 ball pythons
  5 bats
  3 frilled lizards
  2 kobolds (D:2)
  6 rats
54 creatures vanquished.

Notes
Turn   | Place    | Note
-------+----------+-------------------------------------------
     0 | D:1      | Fartwhistle the Octopode Transmuter began the quest for the
                  | Orb.
     0 | D:1      | Reached XP level 1. HP: 13/13 MP: 3/3
   200 | D:1      | Reached XP level 2. HP: 5/18 MP: 5/5
   875 | D:2      | You fall into a shaft and drop 1 floor!
   963 | D:2      | Reached skill level 3 in Transmutations
   964 | D:2      | Reached XP level 3. HP: 10/23 MP: 4/6
  1325 | D:2      | Reached XP level 4. HP: 18/28 MP: 8/8
  1330 | D:2      | Learned a level 3 spell: Spider Form
  1983 | D:3      | Reached skill level 4 in Transmutations
  2171 | D:3      | Killed from afar by an orc priest

Illustrated notes

Levels and vault maps discovered:
D:1:      scummos_arrival_simple_fountains, layout_basic, minmay_tetromino_i4
D:2:      layout_loops_ring, kennysheep_generic_room_5
D:3:      minmay_spotlight, layout_basic, dk_vineyard_3

Skill      XL: |  1  2  3  4 |
---------------+-------------+-----
Transmutations | 3 4 |  4.1
Spellcasting   | 3 |  3.0
Fighting       | |  1.0
Dodging        | |  2.0
Unarmed Combat | |  3.0

Action                     |  1- 3 |  4- 6 || total
---------------------------+-------+-------++-------
  Melee: Unarmed           |    82 |    37 ||   119
         Tentacles         |    23 |     9 ||    32
         Constrict         |    17 |     7 ||    24
         Punch             |     4 |       ||     4
         Kick              |     5 |     6 ||    11
   Fire: Sling             |       |     9 ||     9
   Cast: Beastly Appendage |    11 |     4 ||    15
         Spider Form       |       |     1 ||     1
    Use: Scroll            |       |     3 ||     3
   Stab: Sleeping          |     4 |     1 ||     5
 Armour: Skin              |    16 |     2 ||    18
  Dodge: Dodged            |    73 |    24 ||    97
